 Dungeon Crawl Stone Soup version 0.32-a0-656-g3542139ebd (webtiles) character file.

Game seed: 10661825574694024803

338 backslashecho the Chopper (level 6, -6/56 HPs)
             Began as a Minotaur Fighter on Mar 9, 2024.
             Mangled by an ogre
             ... wielding a +0 giant club
              (16 damage)
             ... on level 4 of the Dungeon.
             The game lasted 00:05:10 (2841 turns).

backslashecho the Chopper (Minotaur Fighter)        Turns: 2841, Time: 00:05:11

Health: -6/56      AC:  9    Str: 22    XL:     6   Next: 29%
Magic:  5/5        EV:  0    Int:  5    God:
Gold:   249        SH:  5    Dex: 10    Spells: 5/5 levels left

rFire   . . .        a - +0 war axe
rCold   . . .        c - +0 buckler
rNeg    . . .        b - +0 scale mail
rPois   .            (helmet restricted)
rElec   .            k - +0 cloak
rCorr   .            s - +0 pair of gloves
SInv    .            (no boots)
Will    .....        (no amulet) Stlth
                     (no ring)
HPRegen 0.29/turn    (no ring)
MPRegen 0.09/turn

%: no passive effects
@: constricted
A: horns 2, retaliatory headbutt
a: no special abilities


You were on level 4 of the Dungeon.
You visited 1 branch of the dungeon, and saw 4 of its levels.

You collected 249 gold pieces.

Inventory:

Hand Weapons
 a - a +0 war axe (weapon)
Armour
 b - a +0 scale mail (worn)
 c - a +0 buckler (worn)
 k - a +0 cloak (worn)
 s - a +0 pair of gloves (worn)
Wands
 u - a wand of polymorph (9)
Scrolls
 e - a scroll of butterflies {unknown}
 g - a scroll of enchant weapon {unknown}
 i - a scroll of poison {unknown}
 l - a scroll of vulnerability {unknown}
 m - a scroll of fog {unknown}
 n - a scroll of torment {unknown}
 p - a scroll of revelation {unknown}
 q - 2 scrolls of identify {unknown}
Potions
 d - a potion of enlightenment {unknown}
 f - 2 potions of ambrosia {unknown}
 h - 2 potions of curing
 j - 2 potions of lignification {unknown}
 o - a potion of degeneration {unknown}
 r - a potion of invisibility {unknown}


   Skills:
 + Level 5.2 Fighting
 * Level 6.0 Axes
 - Level 3.6 Armour
 + Level 5.2 Shields


You had 5 spell levels left.
You didn't know any spells.
Your spell library contained the following spells:

 Spells                   Type           Power      Damage    Failure   Level
 Slow                     Hex            0%         N/A       86%         1
 Scorch                   Fire           0%         2d5       94%         2
 Confusing Touch          Hex            0%         N/A       99%         3
 Sigil of Binding         Hex            0%         N/A       99%         3
 Vampiric Draining        Necr           0%         2d6       99%         3
 Flame Wave               Conj/Fire      0%         2d4       100%        4
 Summon Cactus Giant      Summ           0%         N/A       100%        6


Dungeon Overview and Level Annotations

Branches:
Dungeon (4/15)
 Temple: D:4-7

Altars:
Uskayaw
Xom

Shops:
D:3 *

Annotations:
D:2 Natasha


Innate Abilities, Weirdness & Mutations

You have a pair of horns on your head.
You reflexively headbutt those who attack you in melee.


Message History

You shout for attention!
What are your orders? t - Shout!
Orders for allies: a - Attack new target. r - Retreat! s - Stop attacking. g - Guard the area. f - Follow me.
Anything else - Cancel.
You shout for attention!
Ijyb zaps a wand.
You resist with some effort.
Okay, then.
You start waiting.
Ijyb is nearby!
You throw a poisoned dart. The poisoned dart barely misses Ijyb.
You throw a poisoned dart. The poisoned dart barely misses Ijyb.
Ijyb zaps a wand.
You resist with some effort. Ijyb hits you with a +0 club.
You take 2 damage, and have 54/56 hp.
You hit Ijyb but do no damage. Ijyb closely misses you.
You slash Ijyb! You headbutt Ijyb.
Ijyb is severely wounded.
Ijyb hits you with a +0 club. Ijyb hits you but does no damage.
You hit Ijyb.
Ijyb is almost dead.
Ijyb zaps a wand.
You resist with some effort.
You take 3 damage, and have 51/56 hp.
You closely miss Ijyb. You headbutt Ijyb.
Ijyb is almost dead.
Ijyb hits you with a +0 club.
You hit Ijyb.
You kill Ijyb!
Your Axes skill increases to level 6!
You take 2 damage, and have 49/56 hp.
No target in view!
u - a wand of polymorph (9)
Things that are here:
a +0 club; a +0 leather armour Unknown command.
You start removing your armour.
You continue removing your scarf of harm. x4
You finish removing your scarf of harm.
You start putting on your armour.
You continue putting on your +0 cloak. x5
You finish putting on your +0 cloak.
You regained 2 hp, and now have 52/56 hp.
v - a poisoned dart You drop a scarf of harm.
HP restored.
Done exploring.
Health restored: 56 Done exploring.
Done exploring.
Done exploring.
Done exploring.
You see here a ball python skeleton.
There is a stone staircase leading down here.
You climb downwards.
You hear the hiss of flowing sand.
There is an entrance to an ossuary on this level.
Hurry and find it before the portal is buried!
There is a stone staircase leading up here.
There are monsters nearby! 2 ball pythons come into view.
The ball python hisses angrily. x2
Okay, then.
Aiming: Polymorph
Press: ? - help, Shift-Dir - straight line, f - ogre
Aim: an ogre, wielding a +0 giant club (will become a crocodile, an acid dragon, or a killer bee, chance to affect: 49%)
Okay, then.
Unknown command.
Throw: dart (poison)
Press: ? - help, Q - select action, (/) - cycle Shift-Dir - straight line, f - ogre
Aim: an ogre, wielding a +0 giant club (71% to hit)
You throw a poisoned dart. The poisoned dart hits the ogre.
There is a stone staircase leading up here.
The ball python closely misses you. The ball python grabs you.
You stop ascending the stairs.
The ball python constricts you.
The ball python bites you but does no damage.
The ball python constricts you. The ogre hits you with a +0 giant club!
You take 9 damage, and have 47/56 hp.
You closely miss the ball python. You barely miss the ogre.
You block the ball python's attack. The ball python constricts you.
You barely miss the ball python. You hit the ogre. You hit the ball python.
You kill the ball python!
The ball python bites you. The ball python constricts you.
The ogre hits you with a +0 giant club!!
The ball python bites you. The ball python constricts you.
You take 26 damage, and have 21/56 hp.
MASSIVE DAMAGE!!
The ball python's grasp on you weakens, but your attempt to escape fails.
The ogre hits you with a +0 giant club!
* * * LOW HITPOINT WARNING * * *
The ball python bites you but does no damage.
The ball python constricts you.
You take 17 damage, and have 4/56 hp.
MASSIVE DAMAGE!!
You escape the ball python's grasp.
You see here a ball python corpse.
It was a potion of curing.
You feel better.
The ball python bites you but does no damage.
The ball python grabs you. The ball python constricts you.
You regained 6 hp, and now have 10/56 hp.
The ball python's grasp on you weakens, but your attempt to escape fails.
The ogre hits you with a +0 giant club!
You die...

## #.#.#.# #
..........
.##.#.#.#.##
..........#
#.#.#.#.##
........#
##.#.#O#.##
#.(..wS@..#
##.#.#<#.##
#######


You could see an ogre, a dart slug and a ball python.

Vanquished Creatures
  Sigmund (D:3)
  Ijyb (D:3)
  Jessica (D:3)
  Natasha (D:2)
  3 adders
  A ribbon worm (D:2)
  5 orcs (D:3)
  4 bats
  5 endoplasms
  3 giant cockroaches
  6 goblins
  8 hobgoblins
  2 quokkas
  6 ball pythons
  2 frilled lizards (D:1)
  3 kobolds
  7 rats
59 creatures vanquished.

Notes
Turn   | Place    | Note
-------+----------+-------------------------------------------
     0 | D:1      | backslashecho the Minotaur Fighter began the quest for the
                  | Orb.
     0 | D:1      | Reached XP level 1. HP: 19/19 MP: 0/0
   260 | D:1      | Reached skill level 3 in Axes
   260 | D:1      | Reached XP level 2. HP: 27/27 MP: 1/1
   792 | D:2      | Reached XP level 3. HP: 33/33 MP: 2/2
   869 | D:2      | Found a shimmering altar of Xom.
  1008 | D:2      | Noticed Natasha
  1013 | D:2      | Killed Natasha
  1014 | D:2      | Reached skill level 4 in Axes
  1175 | D:2      | Reached XP level 4. HP: 40/40 MP: 3/3
  1594 | D:3      | Noticed Jessica
  1605 | D:3      | Killed Jessica
  1688 | D:3      | Found a hide-covered altar of Uskayaw.
  1702 | D:3      | Noticed Sigmund
  1711 | D:3      | Killed Sigmund
  1712 | D:3      | Reached skill level 5 in Fighting
  1712 | D:3      | Reached skill level 5 in Axes
  1712 | D:3      | Reached skill level 5 in Shields
  1712 | D:3      | Reached XP level 5. HP: 45/48 MP: 4/4
  1712 | D:3      | Reached XP level 6. HP: 52/56 MP: 5/5
  1893 | D:3      | Noticed Ijyb
  1990 | D:2      | Noticed Natasha
  2171 | D:3      | Found Midgheh's Assorted Antiques.
  2177 | D:3      | Identified the +8 rapier of the Wary Visions {spect, ^Drain
                  | rPois rC+ rN+++}
  2792 | D:3      | Killed Ijyb
  2793 | D:3      | Reached skill level 6 in Axes
  2841 | D:4      | Mangled by an ogre

Illustrated notes

Levels and vault maps discovered:
D:1:      evilmike_arrival_rings, layout_loops_ring
D:2:      layout_loops_cross, basic_altar, uniq_natasha
D:3:      layout_basic, mainiacjoe_overflow_surrounded_room, serial_shops,
          nicolae_shop_dealshenge, uniq_jessica, uniq_ijyb, uniq_sigmund
D:4:      cheibrodos_thug_alley, layout_rooms, nicolae_ossuary_entry_giza,
          st_stairs_9

Skill      XL: |  1  2  3  4  5  6 |
---------------+-------------------+-----
Axes           | 3 4 5 6 |  6.0
Fighting       | 4 5 |  5.2
Shields        | 4 5 |  5.2
Armour         | |  3.6

Action                     |  1- 3 |  4- 6 || total
---------------------------+-------+-------++-------
  Melee: War axe           |    59 |    81 ||   140
         Headbutt          |     8 |     8 ||    16
         Unarmed           |       |     5 ||     5
  Throw: Dart              |       |     3 ||     3
    Use: Potion            |       |     2 ||     2
 Armour: Scale mail        |    39 |    53 ||    92
         Skin              |       |    25 ||    25
  Dodge: Dodged            |    28 |    28 ||    56
  Block: Buckler           |    12 |    13 ||    25

Table legend: (Time is in decaauts)
 A = Elapsed time spent in this place.
 B = Non-inter-level travel time spent in this place.
 C = Inter-level travel time spent in this place.
 D = Time resting spent in this place.
 E = Time spent auto-exploring this place.
 F = Levels seen in this place.
 G = Mean time per level.
                   A        B        C        D        E       F      G
               +--------+--------+--------+--------+--------+-----+--------+
         Total |   2853 |   2623 |    230 |    133 |   1865 |   4 |  713.2 |
       Dungeon |   2853 |   2623 |    230 |    133 |   1865 |   4 |  713.2 |
               +--------+--------+--------+--------+--------+-----+--------+

Top non-repeatable levels by time:
     D:3: 1292 daAuts
     D:1: 788 daAuts
     D:2: 760 daAuts
     D:4: 11 daAuts
